[Event "Titled Tuesday Blitz September 28 2021"]
[White "Sadhwani, Raunak"]
[Black "Gritsenko, Nikolai"]
[WhiteFideId "35093487"]
[BlackFideId "14112493"]
[WhiteElo "2950"]
[BlackElo "2695"]
[Result "0-1"]
[Round "09"]
[TimeControl "180+1"]
[Date "2021.09.28"]
[WhiteClock "0:00:11"]
[BlackClock "0:00:08"]

1. d4 g6 2. Nf3 Bg7 3. e4 d6 4. Bc4 Nf6 5. Qe2 c6 6. e5 dxe5 7. dxe5 Nd5 8. h3 O-O 9. O-O h6 10. Rd1 e6 11. Bb3 b5 12. a4 a6 13. Nbd2 Nd7 14. Ne4 Qc7 15. axb5 cxb5 16. Nd6 Nxe5 17. Nxb5 Nxf3+ 18. Qxf3 Qb8 19. Nd4 Bb7 20. Qe2 Nf4 21. Bxf4 Qxf4 22. c3 Rad8 23. Ra4 Qg5 24. Nf3 Rxd1+ 25. Qxd1 Qe7 26. Rb4 Rd8 27. Qe2 a5 28. Ra4 Qc5 29. Ra1 Qb6 30. Rd1 Rxd1+ 31. Bxd1 Bxf3 32. gxf3 Bf8 33. Kg2 Bc5 34. Qd2 Kg7 35. Ba4 Qc7 36. Qe2 Qf4 37. Bc6 h5 38. Qd3 Qg5+ 39. Kf1 Qc1+ 40. Ke2 Qxb2+ 41. Qd2 Qxd2+ 42. Kxd2 Bxf2 43. Kd3 Bb6 44. c4 g5 45. Kc3 f5 46. Kb3 Kf6 47. Ka4 Bd8 48. Kb5 Ke5 49. c5 g4 50. fxg4 fxg4 51. hxg4 hxg4 52. Kc4 Kf4 53. Kd3 e5 54. Ke2 g3 55. Bd5 e4 56. c6 a4 57. Kf1 Bb6 58. Bc4 a3 59. Ba2 Bc7 60. Bb3 Ke3 61. Bd5 Kd4 62. Ba2 e3 63. Bb3 Kc3 64. Bd5 Kb2 65. Ke2 a2 66. Bxa2 Kxa2 67. Kxe3 Kb3 68. Kf3 Kb4 69. Kg2 0-1


[Site "https://www.chess.com"]

[Event "Titled Tuesday Blitz September 28 2021"]
[White "Sadovsky, Artem"]
[Black "Costachi, Mihnea"]
[WhiteFideId "4155840"]
[BlackFideId "1217518"]
[WhiteElo "2414"]
[BlackElo "2482"]
[Result "1-0"]
[Round "09"]
[TimeControl "180+1"]
[Date "2021.09.28"]
[WhiteClock "0:00:16"]
[BlackClock "0:02:09"]

1. Nf3 Nf6 2. g3 g6 3. Bg2 Bg7 4. O-O O-O 5. c4 d6 6. b3 Nc6 7. Bb2 e5 8. d4 e4 9. Ng5 Qe7 10. d5 h6 11. Nxe4 Nxe4 12. Bxg7 Kxg7 13. dxc6 bxc6 14. Qd4+ Nf6 15. Bxc6 Bh3 16. Bxa8 Bxf1 17. Kxf1 Rxa8 18. Nc3 Qe6 19. Nd5 c6 20. Nxf6 Qxf6 21. Rd1 Qxd4 22. Rxd4 Rd8 23. e4 Kf6 24. f4 Ke6 25. c5 d5 26. Ke2 f5 27. e5 Rb8 28. Ra4 Rb7 29. Kd3 g5 30. Ra6 Rc7 31. Kd4 Ke7 32. b4 gxf4 33. gxf4 h5 34. h4 Kd7 35. a4 Rb7 36. b5 Rc7 37. Rxc6 Rb7 38. Rh6 Rb8 39. Kxd5 Rg8 40. Rh7+ Kc8 41. Rxa7 Rg4 42. e6 Rg1 43. e7 Re1 44. e8=Q+ Rxe8 45. Ra8+ Kd7 46. Rxe8 Kxe8 47. Ke5 Kf7 48. Kxf5 Kg7 49. Kg5 Kh7 50. Kxh5 Kg7 51. Kg4 Kh7 52. f5 Kg7 53. Kg5 Kh7 54. h5 Kg7 55. h6+ Kh7 56. c6 Kg8 57. Kg6 Kh8 58. b6 Kg8 59. a5 Kh8 60. a6 Kg8 61. f6 Kh8 62. a7 Kg8 63. b7 Kh8 64. c7 Kg8 65. Kg5 Kh8 66. c8=Q+ Kh7 67. Qf5+ Kh8 68. Qc8+ Kh7 69. Kf5 Kxh6 70. Qg8 Kh5 71. f7 Kh6 72. f8=Q+ Kh5 73. b8=Q Kh4 74. a8=Q Kh3 75. Qf3+ Kh4 76. Qbf4# 1-0


[Site "https://www.chess.com"]

[Event "Titled Tuesday Blitz September 28 2021"]
[White "Saravana, Krishnan P."]
[Black "Solon, Nathan"]
[WhiteFideId "5018382"]
[BlackFideId "2017229"]
[WhiteElo "2245"]
[BlackElo "2683"]
[Result "1-0"]
[Round "09"]
[TimeControl "180+1"]
[Date "2021.09.28"]
[WhiteClock "0:02:25"]
[BlackClock "0:00:37"]

1. e4 c6 2. d4 d5 3. Nc3 dxe4 4. Nxe4 Nf6 5. Ng5 h6 6. N5f3 Bf5 7. Ne2 e6 8. Ng3 Bh7 9. Bd3 Bxd3 10. Qxd3 Nbd7 11. O-O Qc7 12. Re1 O-O-O 13. a4 h5 14. a5 Ng4 15. h3 Ngf6 16. Ng5 h4 17. Nf1 e5 18. Nxf7 Nc5 19. Qf5+ 1-0


[Site "https://www.chess.com"]

[Event "Titled Tuesday Blitz September 28 2021"]
[White "Savchenko, Boris"]
[Black "Timofeev, Artyom"]
[WhiteFideId "4147332"]
[BlackFideId "4140419"]
[WhiteElo "2837"]
[BlackElo "2889"]
[Result "1-0"]
[Round "09"]
[TimeControl "180+1"]
[Date "2021.09.28"]
[WhiteClock "0:00:12"]
[BlackClock "0:00:05"]

1. e4 c5 2. Nf3 Nc6 3. d4 cxd4 4. Nxd4 Nf6 5. Nc3 d6 6. Bg5 e6 7. Qd2 a6 8. O-O-O Bd7 9. f4 b5 10. Bxf6 gxf6 11. Nxc6 Bxc6 12. f5 Qb6 13. Kb1 O-O-O 14. fxe6 fxe6 15. Qf4 Be7 16. a3 Kb8 17. g3 b4 18. axb4 Qxb4 19. Bh3 Bd7 20. Rd3 Ka7 21. Rhd1 Rb8 22. b3 Rhc8 23. Nd5 exd5 24. Bxd7 Rc3 25. Qe3+ d4 26. Qxd4+ Qxd4 27. Rxd4 Re3 28. Bf5 h6 29. Rc4 Rb6 30. Rd2 Kb7 31. Ka2 Rc6 32. Rb4+ Kc7 33. Ra4 Bd8 34. Be6 Kb8 35. Bd5 Rb6 36. Kb2 f5 37. exf5 Bf6+ 38. Kc1 Re1+ 39. Rd1 Bg5+ 40. Rf4 Rxd1+ 41. Kxd1 Bxf4 42. gxf4 Kc7 43. Kd2 Kd7 44. f6 Rb5 45. c4 Rxb3 46. c5 Rb5 47. f7 Ke7 48. cxd6+ Kf8 49. Be6 Rb6 50. d7 Rd6+ 51. Kc3 Ke7 52. f5 h5 53. h4 a5 54. Kb3 Rd4 55. Ka3 Kf8 56. Kb2 Ke7 57. Kc3 Rd6 58. Kc4 a4 59. Kb4 Rd4+ 60. Kc5 Rd1 61. Bd5 Rc1+ 62. Kb6 Rb1+ 63. Kc7 Rc1+ 64. Bc6 Rd1 65. Bxa4 Kxf7 66. d8=Q Rxd8 67. Kxd8 Kf6 68. Bd7 Ke5 69. Ke7 1-0


[Site "https://www.chess.com"]

[Event "Titled Tuesday Blitz September 28 2021"]
[White "Seo, Jung Min"]
[Black "Vokhidov, Shamsiddin"]
[WhiteFideId "1734687"]
[BlackFideId "14204223"]
[WhiteElo "2686"]
[BlackElo "2865"]
[Result "0-1"]
[Round "09"]
[TimeControl "180+1"]
[Date "2021.09.28"]
[WhiteClock "0:01:08"]
[BlackClock "0:02:27"]

1. e4 c5 2. Nf3 e6 3. Nc3 Nc6 4. g3 d5 5. exd5 exd5 6. d4 Nf6 7. Bg2 cxd4 8. Nxd4 Bg4 9. Qd3 Bc5 10. Be3 Bxd4 11. Bxd4 Qe7+ 12. Kf1 Nxd4 13. Qxd4 O-O 14. Re1 Be6 15. h4 Rac8 16. Qxa7 Qb4 17. Ne2 Rxc2 18. Qd4 Qxd4 19. Nxd4 Rxb2 20. Nxe6 fxe6 21. Rxe6 Ne4 22. Bxe4 Rfxf2+ 23. Ke1 Rbe2+ 24. Kd1 dxe4 25. Re1 Rxa2 0-1


[Site "https://www.chess.com"]

[Event "Titled Tuesday Blitz September 28 2021"]
[White "Sethuraman, S.P."]
[Black "Holt, Conrad"]
[WhiteFideId "5021596"]
[BlackFideId "2034387"]
[WhiteElo "2760"]
[BlackElo "2870"]
[Result "1-0"]
[Round "09"]
[TimeControl "180+1"]
[Date "2021.09.28"]
[WhiteClock "0:00:30"]
[BlackClock "0:00:02"]

1. d4 d5 2. c4 c6 3. Nf3 Nf6 4. e3 Bf5 5. Nc3 e6 6. Nh4 Bg6 7. Bd2 Nbd7 8. Nxg6 hxg6 9. Qc2 Bd6 10. O-O-O dxc4 11. Bxc4 b5 12. Be2 Qe7 13. Kb1 a6 14. e4 e5 15. dxe5 Bxe5 16. f4 Bxc3 17. Bxc3 O-O 18. Bf3 Nb6 19. h4 Nc4 20. Qe2 Rad8 21. e5 Rxd1+ 22. Rxd1 Nd5 23. Bxd5 cxd5 24. h5 Qh4 25. e6 Qe7 26. hxg6 Qxe6 27. Qxe6 fxe6 28. g3 Nd6 29. Be5 Nf5 30. Rd3 Re8 31. Ra3 Ra8 32. Rc3 d4 33. Rc7 Rd8 34. Kc1 d3 35. Kd2 Kf8 36. Rf7+ Ke8 37. g4 Ng3 38. Rxg7 Ne4+ 39. Ke3 d2 40. Rg8+ Kd7 41. Rxd8+ Kxd8 42. Ke2 Ke8 43. f5 d1=Q+ 44. Kxd1 Nf2+ 45. Ke2 Nxg4 46. g7 Kf7 47. fxe6+ 1-0


[Site "https://www.chess.com"]

[Event "Titled Tuesday Blitz September 28 2021"]
[White "Shkapenko, Pavel"]
[Black "Quispe Arteaga, Gabriel"]
[WhiteFideId "4151933"]
[BlackFideId "32059809"]
[WhiteElo "2386"]
[BlackElo "2192"]
[Result "1-0"]
[Round "09"]
[TimeControl "180+1"]
[Date "2021.09.28"]
[WhiteClock "0:01:26"]
[BlackClock "0:01:31"]

1. e4 c5 2. c3 d5 3. exd5 Qxd5 4. Nf3 Nf6 5. d4 Bg4 6. Be2 e6 7. O-O Be7 8. h3 Bh5 9. Be3 cxd4 10. cxd4 Nc6 11. Nc3 Qd6 12. a3 O-O 13. Qb3 a6 14. Rfd1 Rfd8 15. Rac1 b5 16. d5 exd5 17. g4 Bg6 18. g5 Ne8 19. Nxd5 Be4 20. Nf6+ Qxf6 21. gxf6 Bxf6 22. Rxd8 Rxd8 23. Rd1 Rc8 24. Nd4 1-0


[Site "https://www.chess.com"]

[Event "Titled Tuesday Blitz September 28 2021"]
[White "Shuvalov, Evgenij"]
[Black "Zaichenko, Daria"]
[WhiteFideId "4187237"]
[BlackFideId "4197453"]
[WhiteElo "2129"]
[BlackElo "2039"]
[Result "1-0"]
[Round "09"]
[TimeControl "180+1"]
[Date "2021.09.28"]
[WhiteClock "0:01:04"]
[BlackClock "0:01:19"]

1. Nf3 Nf6 2. c4 e6 3. g3 d5 4. Bg2 Be7 5. O-O O-O 6. b3 c5 7. Bb2 Nc6 8. e3 Qc7 9. Nc3 a6 10. cxd5 exd5 11. d4 cxd4 12. Nxd4 Be6 13. Rc1 Rfd8 14. Nxe6 fxe6 15. Ne2 Qd6 16. Nd4 e5 17. Nf5 Qc7 18. g4 g6 19. Nh6+ Kg7 20. g5 Ne4 21. f4 Qb6 22. Rxc6 bxc6 23. Bxe5+ Bf6 24. gxf6+ Kxh6 25. Qf3 g5 26. Qh3+ Kg6 27. f5+ Kf7 28. Qxh7+ Kf8 29. Qg7+ Ke8 30. Qe7# 1-0


[Site "https://www.chess.com"]

[Event "Titled Tuesday Blitz September 28 2021"]
[White "Silvestre, Christian"]
[Black "Nozdrachev, Leonid"]
[WhiteFideId "30956269"]
[BlackFideId "24113433"]
[WhiteElo "2487"]
[BlackElo "2196"]
[Result "1-0"]
[Round "09"]
[TimeControl "180+1"]
[Date "2021.09.28"]
[WhiteClock "0:00:05"]
[BlackClock "0:00:01"]

1. Nf3 Nf6 2. d4 e6 3. Bf4 d5 4. e3 Bd6 5. Bg3 Ne4 6. Bd3 Nxg3 7. hxg3 h6 8. Nbd2 c5 9. c3 Nc6 10. Qe2 Bd7 11. dxc5 Bxc5 12. e4 O-O 13. g4 f5 14. exf5 exf5 15. O-O-O Re8 16. Qf1 fxg4 17. Nh4 d4 18. Bc2 Be6 19. Qd3 dxc3 20. Qh7+ Kf8 21. Qh8+ Bg8 22. Ne4 cxb2+ 23. Kb1 Bd4 24. Bb3 Ke7 25. Nf5+ Kd7 26. Nxd4 Bxb3 27. Qxg7+ Kc8 28. Nxb3 Qe7 29. Nd6+ Kc7 30. Nxe8+ Rxe8 31. Qxb2 Nb4 32. Ka1 Qe4 33. Rc1+ Kb8 34. Qc3 a5 35. Rhe1 Qxe1 36. Rxe1 Rxe1+ 37. Kb2 Re2+ 38. Kb1 Ka7 39. Qc5+ b6 40. Qc7+ Ka8 41. Qxb6 Re1+ 42. Nc1 Re5 43. Qd8+ Kb7 44. Qd7+ Kb6 45. Qd2 Rb5 46. Qxh6+ Ka7 47. Nb3 a4 48. Qe3+ Rb6 49. Nc5 Nd5+ 50. Kc2 Nxe3+ 51. fxe3 Rf6 52. Kd3 Rf2 53. Nxa4 Rxg2 54. Nc5 g3 55. Ne4 1-0


[Site "https://www.chess.com"]

[Event "Titled Tuesday Blitz September 28 2021"]
[White "Siva Mahadevan"]
[Black "Yakubboev, Nodirbek"]
[WhiteFideId "25043153"]
[BlackFideId "14203987"]
[WhiteElo "2828"]
[BlackElo "2959"]
[Result "0-1"]
[Round "09"]
[TimeControl "180+1"]
[Date "2021.09.28"]
[WhiteClock "0:00:34"]
[BlackClock "0:00:19"]

1. e4 c6 2. d4 d5 3. e5 Bf5 4. c4 e6 5. Nc3 Ne7 6. Nge2 Nd7 7. Ng3 Bg6 8. h4 h6 9. h5 Bh7 10. cxd5 cxd5 11. Bd3 Bxd3 12. Qxd3 Nc6 13. Be3 a6 14. Rc1 Be7 15. f4 O-O 16. f5 Bg5 17. O-O Ndxe5 18. dxe5 Bxe3+ 19. Qxe3 d4 20. Qf4 dxc3 21. Rxc3 Qd4+ 22. Qxd4 Nxd4 23. f6 Rac8 24. Rd3 Nc6 25. Ne4 Nxe5 26. Rg3 g6 27. Re1 Rfd8 28. Nc3 Nd3 29. Ree3 Nf4 30. hxg6 Nxg6 31. Rh3 Kh7 32. Rh5 Nf4 33. Rh4 Rd3 34. Rxd3 Nxd3 35. Ne4 Kg6 36. Rh3 Rc1+ 37. Kh2 Ne5 38. Rg3+ Kf5 39. Nd6+ Kf4 40. Rg7 Ng4+ 41. Rxg4+ Kxg4 42. Nxf7 Kf5 43. Nxh6+ Kxf6 44. Ng4+ Kg5 45. Nf2 Rc2 46. Nd3 Kf5 47. Kg3 e5 48. a4 e4 0-1


[Site "https://www.chess.com"]

[Event "Titled Tuesday Blitz September 28 2021"]
[White "Sjugirov, Sanan"]
[Black "Lysyj, Igor"]
[WhiteFideId "4189302"]
[BlackFideId "4150120"]
[WhiteElo "2988"]
[BlackElo "2854"]
[Result "1-0"]
[Round "09"]
[TimeControl "180+1"]
[Date "2021.09.28"]
[WhiteClock "0:00:46"]
[BlackClock "0:00:17"]

1. e4 e5 2. Nf3 Nc6 3. Bb5 a6 4. Ba4 Nf6 5. d3 Bc5 6. c3 d6 7. Nbd2 O-O 8. O-O Ba7 9. h3 Nh5 10. Bxc6 bxc6 11. d4 Qf6 12. dxe5 dxe5 13. Nc4 Nf4 14. Nfxe5 Re8 15. Qf3 Ng6 16. Qxf6 gxf6 17. Nxc6 Rxe4 18. Nxa7 Rxa7 19. Na5 Bd7 20. Rd1 Be8 21. Rd8 h5 22. Be3 c5 23. Bxc5 Rd7 24. Rd1 Rxd1+ 25. Rxd1 Kh7 26. c4 Nf4 27. Be3 Ne6 28. b3 f5 29. Nb7 Bc6 30. Nd6 Re5 31. Nxf7 Ra5 32. Rd6 1-0


[Site "https://www.chess.com"]

[Event "Titled Tuesday Blitz September 28 2021"]
[White "Stribuk, Artiom"]
[Black "Kamsky, Gata"]
[WhiteFideId "13515659"]
[BlackFideId "2000024"]
[WhiteElo "2711"]
[BlackElo "2892"]
[Result "1-0"]
[Round "09"]
[TimeControl "180+1"]
[Date "2021.09.28"]
[WhiteClock "0:00:48"]
[BlackClock "0:00:53"]

1. d4 f5 2. Nf3 Nf6 3. g3 g6 4. Bg2 Bg7 5. O-O d6 6. b3 O-O 7. Bb2 a5 8. a3 b5 9. Nbd2 Bb7 10. c4 Qd7 11. Ne5 Qc8 12. Nef3 b4 13. axb4 axb4 14. Rxa8 Bxa8 15. Qa1 Na6 16. Qa5 c5 17. d5 Nc7 18. e4 fxe4 19. Ng5 e6 20. Bh3 Kh8 21. Bxe6 Nxe6 22. Nxe6 1-0


[Site "https://www.chess.com"]

[Event "Titled Tuesday Blitz September 28 2021"]
[White "Svane, Rasmus"]
[Black "Azarov, Sergei"]
[WhiteFideId "4657101"]
[BlackFideId "13501470"]
[WhiteElo "2898"]
[BlackElo "2793"]
[Result "0-1"]
[Round "09"]
[TimeControl "180+1"]
[Date "2021.09.28"]
[WhiteClock "0:00:02"]
[BlackClock "0:00:11"]

1. Nf3 f5 2. d3 d6 3. e4 e5 4. Nc3 Nc6 5. exf5 Bxf5 6. d4 exd4 7. Nxd4 Nxd4 8. Qxd4 Nf6 9. Qb4 Be7 10. Qxb7 O-O 11. Bc4+ Kh8 12. O-O Bxc2 13. b3 d5 14. Bxd5 Rb8 15. Qc6 Bb4 16. Bb2 Bd3 17. Rfd1 Rb6 18. Qa4 Bxc3 19. Bxc3 Qxd5 20. Qd4 Rd6 21. Rxd3 Qb5 22. Qxd6 cxd6 23. Rad1 Ne4 24. Bd4 d5 25. f3 Nf6 26. Bxf6 Rxf6 27. Rxd5 Qb6+ 28. Kf1 h6 29. R5d3 Rc6 30. R1d2 Rc1+ 31. Rd1 Rc2 32. R3d2 Qc5 33. Rxc2 Qxc2 34. Re1 Qxa2 35. Re3 Qb1+ 36. Kf2 Qc2+ 37. Kg3 Qd2 38. Re4 Qg5+ 39. Kf2 Qd2+ 40. Kg3 Qd6+ 41. Kh3 Qd7+ 42. Kg3 Qc7+ 43. Kh3 Qc8+ 44. Kg3 Qb8+ 45. Kg4 Qxb3 46. Kf5 a5 47. Kg6 Qb6+ 48. Kf7 Qf6+ 49. Ke8 a4 50. f4 Qc6+ 51. Kf7 Qxe4 52. f5 Qxf5+ 0-1


[Site "https://www.chess.com"]

[Event "Titled Tuesday Blitz September 28 2021"]
[White "Sychev, Klementy"]
[Black "Bluebaum, Matthias"]
[WhiteFideId "4114060"]
[BlackFideId "24651516"]
[WhiteElo "2805"]
[BlackElo "2899"]
[Result "0-1"]
[Round "09"]
[TimeControl "180+1"]
[Date "2021.09.28"]
[WhiteClock "0:00:02"]
[BlackClock "0:00:05"]

1. b3 d5 2. Bb2 Bf5 3. g3 Nc6 4. Nf3 Qd7 5. d3 Nf6 6. Nbd2 O-O-O 7. Bg2 Bh3 8. O-O Bxg2 9. Kxg2 h5 10. h3 e6 11. c4 Bd6 12. a3 h4 13. Nxh4 e5 14. Rh1 Rh7 15. e3 Rdh8 16. Qf3 Ne7 17. c5 Bxc5 18. Bxe5 Bd6 19. Bxd6 Qxd6 20. b4 Qe6 21. Nb3 Rxh4 22. Nc5 Qe5 23. gxh4 Ng6 24. d4 Nxh4+ 25. Kf1 Qe7 26. Qf4 b6 27. Nd3 g5 28. Qe5 Qd8 29. Rg1 Kb8 30. Ke2 Ne4 31. f3 f6 32. Qh2 Nc3+ 33. Kf2 Qe8 34. Rgc1 Qh5 35. Qg3 Nb5 36. a4 Nd6 37. b5 Nhf5 38. Qg4 Qf7 39. Nb4 Rh4 40. Nc6+ Kc8 41. Qg2 Qh7 42. a5 Kd7 43. axb6 axb6 44. Ra8 Ke6 0-1


[Site "https://www.chess.com"]

[Event "Titled Tuesday Blitz September 28 2021"]
[White "Tanenbaum, Zachary"]
[Black "Eynullayev, Atilla"]
[WhiteFideId "2060850"]
[BlackFideId "13413570"]
[WhiteElo "2165"]
[BlackElo "1997"]
[Result "1-0"]
[Round "09"]
[TimeControl "180+1"]
[Date "2021.09.28"]
[WhiteClock "0:02:17"]
[BlackClock "0:01:57"]

1. e4 c5 2. Nf3 e6 3. d4 cxd4 4. Nxd4 Nc6 5. Nc3 a6 6. g3 d6 7. Bg2 Bd7 8. O-O Nf6 9. Re1 Be7 10. Nxc6 Bxc6 11. Bf4 O-O 12. Qe2 e5 13. Bg5 h6 14. Bxf6 Bxf6 15. Rad1 b5 16. Nd5 Bxd5 17. exd5 Rc8 18. c3 Qb6 19. Be4 b4 20. Qf3 Bd8 21. Qf5 g6 22. Qxc8 1-0


[Site "https://www.chess.com"]

[Event "Titled Tuesday Blitz September 28 2021"]
[White "Tang, Andrew"]
[Black "Fier, Alexandr"]
[WhiteFideId "2059630"]
[BlackFideId "2107139"]
[WhiteElo "2967"]
[BlackElo "2816"]
[Result "1-0"]
[Round "09"]
[TimeControl "180+1"]
[Date "2021.09.28"]
[WhiteClock "0:00:07"]
[BlackClock "0:00:14"]

1. d4 Nf6 2. c4 c5 3. d5 e6 4. Nc3 exd5 5. cxd5 d6 6. e4 g6 7. Nge2 Bg7 8. Ng3 h5 9. Be2 h4 10. Nf1 Nbd7 11. Bg5 Qb6 12. Qd2 h3 13. g4 Nh7 14. Bf4 a6 15. Ne3 Ne5 16. Bg3 g5 17. Bxe5 Bxe5 18. Nc4 Qd8 19. Nxe5 dxe5 20. Qe3 Qd6 21. Na4 Nf6 22. Rg1 Nd7 23. Qxg5 b5 24. Nc3 c4 25. Nd1 Nc5 26. f3 f6 27. Qe3 Bd7 28. Rc1 Rc8 29. Rg3 Ke7 30. Nf2 Na4 31. Qd2 Qb6 32. Kf1 Qd4 33. Rc2 Qxd2 34. Rxd2 b4 35. b3 cxb3 36. axb3 Nc5 37. Bc4 Bb5 38. Bxb5 axb5 39. f4 exf4 40. Rf3 Ra8 41. Rc2 Rhc8 42. Nxh3 Nxe4 43. Re2 Rc3 44. Rxe4+ Kd6 45. Rexf4 Ra2 46. Nf2 Kxd5 47. Kg2 Kc5 48. Kg3 Rcc2 49. Rxf6 Ra1 50. Nd3+ Kd4 51. Rd6+ Ke4 52. Re6+ Kd4 53. Rd6+ Ke4 54. Nf2+ Ke5 55. Rdd3 Rcc1 56. Rfe3+ Kf6 57. Rd6+ Kf7 58. Rd5 Rg1+ 59. Kf4 Rg2 60. Rf3 Rxh2 61. Rxb5 Ra6 62. Kg3+ 1-0


[Site "https://www.chess.com"]

[Event "Titled Tuesday Blitz September 28 2021"]
[White "Tarasova, Viktoriya"]
[Black "ketster"]
[WhiteFideId "4175840"]
[WhiteElo "2182"]
[BlackElo "2554"]
[Result "0-1"]
[Round "09"]
[TimeControl "180+1"]
[Date "2021.09.28"]
[WhiteClock "0:00:23"]
[BlackClock "0:00:26"]

1. d4 Nf6 2. c4 e6 3. Nc3 Bb4 4. Nf3 b6 5. e3 Bb7 6. Bd3 O-O 7. O-O d5 8. cxd5 exd5 9. Ne5 Nbd7 10. f4 Ne4 11. Nxe4 dxe4 12. Bc4 Qe7 13. Qb3 Bd6 14. Bd2 c5 15. a4 cxd4 16. exd4 Nf6 17. a5 bxa5 18. Rxa5 Qc7 19. Rfa1 a6 20. Bxa6 Bxa6 21. Rxa6 Rxa6 22. Rxa6 Rb8 23. Qe3 h6 24. h3 Rxb2 25. Ra8+ Kh7 26. Ng4 Rb1+ 27. Kh2 Nxg4+ 28. hxg4 Qe7 29. Ra2 Bxf4+ 30. Qxf4 Qh4# 0-1


[Site "https://www.chess.com"]

[Event "Titled Tuesday Blitz September 28 2021"]
[White "Terry, Renato"]
[Black "Pichot, Alan"]
[WhiteFideId "3803457"]
[BlackFideId "110973"]
[WhiteElo "2967"]
[BlackElo "2857"]
[Result "0-1"]
[Round "09"]
[TimeControl "180+1"]
[Date "2021.09.28"]
[WhiteClock "0:00:02"]
[BlackClock "0:00:13"]

1. d4 Nf6 2. Bg5 d5 3. Bxf6 gxf6 4. e3 Bf5 5. Bd3 Bg6 6. Nf3 e6 7. c4 c6 8. Nc3 Nd7 9. Bxg6 hxg6 10. Qb3 Qb6 11. c5 Qc7 12. e4 Be7 13. exd5 exd5 14. O-O-O Kf8 15. Rhe1 b6 16. cxb6 axb6 17. Kb1 Bd6 18. Rc1 Qb7 19. Na4 Kg7 20. g3 Ra5 21. h4 Rha8 22. Nc3 b5 23. h5 b4 24. hxg6 fxg6 25. Re6 Bf8 26. Ne2 Rxa2 27. Rcxc6 Ra1+ 28. Kc2 Rc8 29. Qxd5 b3+ 30. Kd3 Ra6 31. Rxf6 Nxf6 0-1


[Site "https://www.chess.com"]

[Event "Titled Tuesday Blitz September 28 2021"]
[White "Thejkumar, M. S."]
[Black "Salinas Herrera, Pablo"]
[WhiteFideId "5009154"]
[BlackFideId "3407128"]
[WhiteElo "2312"]
[BlackElo "2541"]
[Result "0-1"]
[Round "09"]
[TimeControl "180+1"]
[Date "2021.09.28"]
[WhiteClock "0:00:30"]
[BlackClock "0:00:17"]

1. d4 d5 2. c4 c6 3. Nf3 Nf6 4. Qc2 dxc4 5. e4 b5 6. b3 cxb3 7. axb3 Bb7 8. Bd2 a5 9. Bd3 g6 10. O-O Bg7 11. Nc3 O-O 12. e5 Nd5 13. Ne4 Nd7 14. h4 Nb4 15. Bxb4 axb4 16. Rad1 Nb6 17. Nc5 Bc8 18. Be4 Nd5 19. h5 Bg4 20. hxg6 hxg6 21. Ng5 Bxd1 22. Qxd1 e6 23. Qg4 Bh6 24. Ngxe6 Qe7 25. Nxf8 Bxf8 26. e6 Nf6 27. exf7+ Qxf7 28. Qf3 Bxc5 29. Bxc6 Ra3 30. dxc5 Rxb3 31. Qf4 Rc3 32. Qxb4 Qc4 33. Qxb5 Qxb5 34. Bxb5 Rxc5 35. Rb1 Kg7 36. Bd3 Rc7 37. g3 Re7 38. Rb6 Rd7 39. Bb1 Rd2 40. Kg2 Kf7 41. Kf3 Rd4 42. Ke3 Ra4 43. f3 Nd5+ 44. Kf2 Nxb6 45. Bd3 Rb4 46. f4 Kf6 0-1


[Site "https://www.chess.com"]

[Event "Titled Tuesday Blitz September 28 2021"]
[White "Tsydypov, Zhamsaran"]
[Black "Khusnutdinov, Rustam"]
[WhiteFideId "4108566"]
[BlackFideId "13701703"]
[WhiteElo "2972"]
[BlackElo "2877"]
[Result "0-1"]
[Round "09"]
[TimeControl "180+1"]
[Date "2021.09.28"]
[WhiteClock "0:00:48"]
[BlackClock "0:00:11"]

1. e4 e5 2. Nf3 Nf6 3. Nxe5 d6 4. Nf3 Nxe4 5. Nc3 Nxc3 6. dxc3 Be7 7. Be3 O-O 8. Qd2 Nd7 9. O-O-O Nf6 10. h3 Be6 11. Nd4 Bxa2 12. b3 a5 13. Kb2 a4 14. Kxa2 axb3+ 15. Kxb3 c5 16. c4 Ne4 17. Qe1 Qb6+ 18. Nb5 Qa6 19. Ra1 Qxa1 20. Qxa1 Rxa1 21. g3 Bg5 22. Bxg5 Nxg5 23. Bg2 Rxh1 24. Bxh1 Nxh3 25. f4 b6 26. Nxd6 Nf2 27. Bd5 Rd8 28. Nf5 Kf8 29. Ka4 Ng4 30. Kb5 g6 31. Nh4 Ne3 32. Be4 Rd4 33. Bd3 Rd6 34. Nf3 Ke7 35. Ng5 h6 36. Ne4 Re6 37. Nc3 Kd8 38. Ka6 Kc7 39. Nb5+ Kb8 40. Nc3 Nf5 41. g4 Nd4 42. Nd5 b5+ 43. Ka5 bxc4 44. Bxc4 Rd6 45. c3 Ne6 46. f5 gxf5 47. gxf5 Nc7 48. Nf4 Rf6 49. Nd3 Rxf5 50. Kb6 Ne6 51. Kc6 h5 52. Kd6 h4 53. Ne5 h3 54. Bd5 h2 55. Nc6+ Kb7 56. Be4 Kb6 57. Ne7 Rf1 58. Nd5+ Ka5 0-1


[Site "https://www.chess.com"]

[Event "Titled Tuesday Blitz September 28 2021"]
[White "Urazayev, Arystanbek"]
[Black "Shimelkov, Vasiliy"]
[WhiteFideId "13709810"]
[BlackFideId "13701630"]
[WhiteElo "2321"]
[BlackElo "2073"]
[Result "0-1"]
[Round "09"]
[TimeControl "180+1"]
[Date "2021.09.28"]
[WhiteClock "0:00:01"]
[BlackClock "0:00:04"]

1. e4 c6 2. d4 d5 3. Nd2 dxe4 4. Nxe4 Nf6 5. Nxf6+ exf6 6. c3 Bd6 7. Bd3 Na6 8. Ne2 Nc7 9. Qc2 h5 10. O-O Kf8 11. Bd2 g6 12. Rae1 Kg7 13. f4 f5 14. c4 Ne6 15. d5 Nc5 16. Bc3+ f6 17. Nd4 cxd5 18. cxd5 Bd7 19. b4 Na4 20. Ba1 Rc8 21. Qb3 Qb6 22. Kh1 Bxb4 23. Ne6+ Kh7 24. Bxf5 Bxe1 25. Qh3 Kg8 26. Bxg6 Bc3 27. Bxh5 Bxe6 28. dxe6 Kf8 29. e7+ Kxe7 30. Bxc3 Rxc3 31. Re1+ Kd6 32. Qe6+ Kc7 33. Qe7+ Kb8 34. Bf3 Rc2 35. Qxf6 Qxf6 36. Rf1 Qxf4 37. Kg1 Qxh2# 0-1


[Site "https://www.chess.com"]

[Event "Titled Tuesday Blitz September 28 2021"]
[White "Vlachos, Anatole"]
[Black "Brunner, Nicolas"]
[WhiteFideId "26093189"]
[BlackFideId "620246"]
[WhiteElo "2350"]
[BlackElo "2372"]
[Result "1-0"]
[Round "09"]
[TimeControl "180+1"]
[Date "2021.09.28"]
[WhiteClock "0:00:04"]
[BlackClock "0:00:02"]

1. e4 e5 2. Nf3 Nc6 3. Bc4 Nf6 4. c3 Be7 5. d3 O-O 6. O-O d6 7. b4 Bg4 8. Nbd2 d5 9. exd5 Nxd5 10. h3 Bxf3 11. Qxf3 Nxc3 12. b5 Nd4 13. Qxb7 Rb8 14. Qxa7 Ncxb5 15. Qa5 Ra8 16. Qxb5 Nxb5 17. Bxb5 Bc5 18. Bc4 Bd4 19. Rb1 Qe7 20. Nf3 c5 21. Nxd4 cxd4 22. Bd2 Rfb8 23. a4 h6 24. a5 Qc5 25. f3 g5 26. a6 Kg7 27. Rfe1 f6 28. Kh1 h5 29. h4 g4 30. fxg4 hxg4 31. Kh2 Rxb1 32. Rxb1 e4 33. Rb7+ Kh8 34. Bh6 Qd6+ 35. g3 Rg8 36. a7 Qa3 37. Bxg8 Kxg8 38. Rb8+ Kh7 39. a8=Q Qxd3 40. Qb7+ Kg6 41. Rg8+ Kh5 42. Qd5+ Kxh6 43. Rh8+ Kg7 44. Qg8# 1-0


[Site "https://www.chess.com"]

[Event "Titled Tuesday Blitz September 28 2021"]
[White "Vogel, Roven"]
[Black "Sinitsina, Anastassia"]
[WhiteFideId "12908088"]
[BlackFideId "4504640"]
[WhiteElo "2516"]
[BlackElo "2161"]
[Result "1-0"]
[Round "09"]
[TimeControl "180+1"]
[Date "2021.09.28"]
[WhiteClock "0:00:15"]
[BlackClock "0:00:01"]

1. Nf3 Nf6 2. c4 g6 3. Nc3 Bg7 4. e4 O-O 5. d4 d6 6. Be2 Na6 7. O-O e5 8. Be3 Ng4 9. Bg5 Qe8 10. Re1 f6 11. Bh4 exd4 12. Nxd4 Ne5 13. f4 Nc6 14. f5 Ne5 15. Rf1 c6 16. Qd2 Nc5 17. Rae1 a5 18. b3 Qe7 19. Nc2 g5 20. Bf2 Rd8 21. Rd1 Nf7 22. Qd4 Bd7 23. Bh5 Be8 24. Rd2 Ne5 25. Bxe8 Qxe8 26. Rfd1 Qe7 27. h3 h5 28. Qe3 Kh7 29. Qe2 g4 30. Ne3 Bh6 31. hxg4 hxg4 32. Rd4 g3 33. Bxg3 Rg8 34. Bh2 Rad8 35. Kh1 Qg7 36. Nf1 Qf8 37. Qh5 Rg5 38. Qh3 Ng4 39. Bg3 Qf7 40. Kg1 Rdg8 41. Bxd6 Rh5 42. Qf3 Nd7 43. Bg3 Nde5 44. Qe2 Ne3 45. Bxe5 Nxd1 46. Nxd1 fxe5 47. Rd6 Rhg5 48. Nde3 Rg3 49. Nxg3 Rxg3 50. Ng4 Bf4 51. Nf6+ Kh8 52. Rd8+ Kg7 53. Nh5+ 1-0


[Site "https://www.chess.com"]